 Dungeon Crawl Stone Soup version 0.19-a0-1185-gacb3972 (webtiles) character file.

227 rlgrobin the Insei (level 5, 0/41 HPs)
             Began as a Mummy Monk on Aug 18, 2016.
             Slain by a worker ant (7 damage)
             ... on level 4 of the Dungeon.
             The game lasted 00:36:08 (6674 turns).

rlgrobin the Insei (Mummy Monk)                     Turns: 6674, Time: 00:36:10

Health: 0/41       AC:  2    Str: 14    XL:     5   Next: 70%
Magic:  5/5        EV: 10    Int: 10    God:
Gold:   107        SH:  7    Dex: 15    Spells: 0 memorised, 4 levels left

rFire  x . .     SeeInvis .       - Unarmed
rCold  + . .     Gourm    .     (no armour)
rNeg   + + +     Faith    .     h - +0 shield
rPois  ∞         Spirit   .     (no helmet)
rElec  .         Dismiss  .     g - +0 cloak
rCorr  .         Reflect  .     b - +0 pair of gloves
MR     .....     Harm     .     (no boots)
Stlth  ++........               (no amulet)
                                (no ring)
                                (no ring)

@: about to teleport
A: no food or potions, fire vulnerability, cold resistance 1, negative energy
resistance 3, torment resistance, unbreathing
a: no special abilities


You were on level 4 of the Dungeon.
You were not hungry.

You visited 1 branch of the dungeon, and saw 4 of its levels.

You collected 107 gold pieces.


Innate Abilities, Weirdness & Mutations

You do not eat or drink.
Your flesh is vulnerable to fire.
You are immune to poison.
Your flesh is cold resistant. (rC+)
You are immune to negative energy. (rN+++)
You are immune to unholy pain and torment.
You can survive without breathing.


   Skills:
 - Level 3.0 Fighting
 - Level 2.4 Dodging
 - Level 1.5 Stealth
 + Level 5.4 Unarmed Combat


You had 4 spell levels left.
You didn't know any spells.

Inventory:

Armour
 b - a +0 pair of gloves (worn)
 g - a +0 cloak (worn)
 h - a +0 shield (worn)
Scrolls
 a - 2 scrolls of teleportation {@r4}
 c - a scroll of remove curse
 e - a scroll of blinking
 f - a scroll of immolation {!r}
Comestibles
 d - 2 meat rations (quivered)

Dungeon Overview and Level Annotations

Branches:
Dungeon (4/15)
 Temple: D:4-7

Altars:
Ashenzari
Kikubaaqudgha

Annotations:
D:2 gnolls: halberd, spear, flail; kobold: elec dagger, exclusions: 3 gnolls and 2 kobolds
D:3 gnoll (spear {freeze}), forest vault
D:4 orc (disto whip), exclusions: adder, iguana, scorpion and skeleton

▒.▒.▒
▒.▒+▒▒▒
▒.....▒
▒.....▒
▒.....▒
▒.....▒
▒.....▒
▒▒▒▒▒.....▒
▒.M.......▒
▒B▒▒▒▒▒+▒▒▒
▒. ▒. ▒. ▒▒


You could see a worker ant.


Message History

You hit the worker ant.
The worker ant is moderately wounded.
The worker ant bites you.
* * * LOW HITPOINT WARNING * * *
You hit the worker ant.
The worker ant is severely wounded.
You block the worker ant's attack.
You barely miss the worker ant.
The worker ant is severely wounded.
The worker ant bites you.
* * * LOW HITPOINT WARNING * * *
The worker ant bites you.
* * * LOW HITPOINT WARNING * * *
You hit the worker ant.
The worker ant is severely wounded.
You block the worker ant's attack.
You hit the worker ant but do no damage.
The worker ant is severely wounded.
The worker ant bites you!
* * * LOW HITPOINT WARNING * * *
You completely miss the worker ant.
The worker ant is severely wounded.
The worker ant closely misses you.
You hit the worker ant but do no damage.
The worker ant is severely wounded.
The worker ant completely misses you.
As you read the scroll of teleportation {@r4}, it crumbles to dust.
You feel strangely unstable. The worker ant bites you!
You die...

Action                   |  1- 3 |  4- 6 || total
-------------------------+-------+-------++-------
Melee: Unarmed           |   185 |   179 ||   364
       Punch             |     5 |     2 ||     7
  Use: Scroll            |       |     6 ||     6
 Stab: Distracted        |     1 |     1 ||     2
       Sleeping          |     3 |     5 ||     8
Armor: Skin              |       |     8 ||     8
Dodge: Dodged            |   126 |   108 ||   234
Block: Shield            |       |     3 ||     3

Vault maps used:
D:1:      dpeg_arrival_stonehenge_8_columns, hex_tiny, minmay_crystal_room
D:2:      nicolae_ashenzari_panopticon, minmay_misc_feat_more_columns,
          kennysheep_another_room, nrook_uturn
D:3:      kb_forest_paths, minmay_close_crescents
D:4:      lemuel_round_altar, lemuel_crystal_altar, serial_shops,
          nicolae_shop_trees

Notes
Turn   | Place    | Note
-------+----------+-------------------------------------------
     0 | D:1      | rlgrobin the Mummy Monk began the quest for the Orb.
     0 | D:1      | Reached XP level 1. HP: 18/18 MP: 1/1
   536 | D:1      | Reached XP level 2. HP: 13/24 MP: 2/2
   653 | D:1      | Reached skill level 3 in Unarmed Combat
  1715 | D:2      | Reached XP level 3. HP: 28/29 MP: 3/3
  1913 | D:2      | Found a shattered altar of Ashenzari.
  4122 | D:2      | Reached skill level 4 in Unarmed Combat
  4458 | D:3      | Reached XP level 4. HP: 33/35 MP: 4/4
  5368 | D:2      | Reached XP level 5. HP: 41/41 MP: 5/5
  5982 | D:4      | Reached skill level 5 in Unarmed Combat
  6609 | D:4      | Found an ancient bone altar of Kikubaaqudgha.
  6674 | D:4      | Slain by a worker ant

Vanquished Creatures
  3 worker ants (D:4)
  5 adders
  2 oozes
  6 worms
  2 dart slugs
  2 giant geckos
  6 orcs
  8 bats
  5 giant cockroaches
  5 goblins
  5 hobgoblins
  6 jackals
  2 quokkas
  2 ball pythons
  5 giant newts
  5 kobolds
  7 rats
76 creatures vanquished.
